 Dungeon Crawl Stone Soup version 0.23.2-30-g0e89c35649 (webtiles) character file.

Game seed: 16966281099861519525

6978 Dasit the Cleaver (level 11, 0/87 HPs)
             Began as a Vine Stalker Gladiator on June 15, 2019.
             Was a Believer of Makhleb.
             Slain by an unseen horror (2 damage)
             ... on level 10 of the Dungeon.
             The game lasted 00:21:35 (9036 turns).

Dasit the Cleaver (Vine Stalker Gladiator)          Turns: 9036, Time: 00:21:36

Health: 0/87       AC: 11    Str: 25    XL:     11   Next: 8%
Magic:  0/20       EV: 16    Int:  8    God:    Makhleb [**....]
Gold:   587        SH:  0    Dex: 18    Spells: 18/21 levels left

rFire    . . .     SeeInvis .   a - +4 war axe
rCold    . . .     Gourm    +   (no shield)
rNeg     . . .     Faith    .   b - +2 ring mail {rPois}
rPois    +         Spirit   +   c - +0 helmet
rElec    .         Reflect  .   x - +0 cloak
rCorr    .         Harm     .   p - +0 pair of gloves
MR       +....                  (no boots)
Stlth    ..........             u - amulet of the gourmand
HPRegen  0.64/turn              m - +2 ring of dexterity
MPRegen  0.17/turn              w - +1 ring of evasion

@: berserking (expiring), very quick
A: fangs 3, regeneration 1, magic shield, antimagic bite, no potion heal 3, rot
immunity
a: Minor Destruction, Renounce Religion


You were on level 10 of the Dungeon.
You worshipped Makhleb.
Makhleb was pleased with you.
You were completely stuffed.

You visited 1 branch of the dungeon, and saw 10 of its levels.

You collected 587 gold pieces.

Inventory:

Hand Weapons
 a - a +4 war axe (weapon)
Armour
 b - a +2 ring mail of poison resistance (worn)
 c - a +0 helmet (worn)
 h - a +3 chain mail of poison resistance
 p - a +0 pair of gloves (worn)
 x - a +0 cloak (worn)
 y - a +0 buckler
 A - a +0 troll leather armour
Jewellery
 m - a +2 ring of dexterity (left hand)
 u - an amulet of the gourmand (around neck)
 w - a +1 ring of evasion (right hand)
 B - an uncursed amulet of rage
Wands
 d - a wand of disintegration (11)
 g - a wand of digging (5)
 j - a wand of polymorph (5)
 k - a wand of iceblast (15)
 r - a wand of paralysis (11)
 z - a wand of scattershot (8)
Scrolls
 e - a scroll of magic mapping
 o - 4 scrolls of remove curse
 t - 6 scrolls of teleportation
 v - 3 scrolls of identify
Potions
 i - 5 potions of curing
 l - a potion of flight
 n - a potion of haste
 E - a potion of magic
Comestibles
 f - 20 rations


   Skills:
 * Level 6.5 Fighting
 + Level 8.5 Axes
 - Level 1.7 Throwing
 * Level 5.4 Armour
 * Level 5.3 Dodging
 * Level 5.8 Spellcasting
 * Level 2.0 Charms
 * Level 1.2 Ice Magic
 * Level 3.2 Invocations
 * Level 3.9 Evocations


You had 18 spell levels left.
You knew the following spells:

 Your Spells              Type           Power        Failure   Level  Hunger
a - Ozocubu's Armour      Chrm/Ice       #.......     47%         3    ###....

Your spell library contained the following spells:

 Spells                   Type           Power        Failure   Level  Hunger
 Freeze                   Ice            #...         22%         1    #......
 Corona                   Hex            #......      34%         1    #......
 Ensorcelled Hibernation  Hex/Ice        #.....       38%         2    ##.....
 Throw Frost              Conj/Ice       #.....       38%         2    ##.....
 Confuse                  Hex            #.......     71%         3    ###....
 Dazzling Spray           Conj/Hex       #.....       71%         3    ###....
 Tukima's Dance           Hex            #.......     71%         3    ###....
 Summon Ice Beast         Ice/Summ       #.......     95%         4    #####..
 Throw Icicle             Conj/Ice       #.......     95%         4    #####..


Dungeon Overview and Level Annotations

Branches:
Dungeon (10/15)            Temple (0/1) D:7
   Lair: D:8-11         Orc: D:9-12

Altars:
Gozag
Makhleb
Ru
Uskayaw
Zin
The Shining One

Shops:
D:7 (


Innate Abilities, Weirdness & Mutations

You have razor-sharp teeth.
Your natural rate of healing is unusually fast.
When hurt, damage is shared between your health and your magic reserves.
Your bite disrupts and absorbs the magic of your enemies.
Potions cannot restore your health.
You are immune to rotting.


Message History

* * * LOW HITPOINT WARNING * * *
Something barely misses you.
You closely miss something. Your bite misses something.
Something hits you but does no damage.
You closely miss something. Your bite misses something.
Something closely misses you. Something hits you.
* * * LOW HITPOINT WARNING * * *
You miss something. Your bite misses something.
Something hits you but does no damage. Something barely misses you.
You miss something. You bite something! You drain its power.
You feel invigorated. Something hits you!
* * * LOW HITPOINT WARNING * * *
Something closely misses you.
You barely miss something. Something hits you but does no damage.
You barely miss something. You bite something. You drain its power.
You feel invigorated. Something hits you.
* * * LOW HITPOINT WARNING * * *
Something hits you.
You die...

+### ...# #
####.#### ##.#
#.......####...#
#.......@....#
#.......######
#.......#
#.....(.#
#<......#
#.......#
#.......#
######.## ##..#


There were no monsters in sight!

Vanquished Creatures
  Pikel (D:4)
  Maurice (D:8)
  A troll (D:9)
  A hornet (D:9)
  Grinder (D:6)
  A hippogriff (D:9)
  Sigmund (D:3)
  A wyvern (D:8)
  3 yaks (D:9)
  Edmund (D:6)
  Duvessa (D:7)
  A water moccasin (D:10)
  4 ice beasts
  3 orc warriors
  8 ogres
  2 phantoms
  5 centaurs
  2 big kobolds
  Blork the orc (D:6)
  A bullfrog (D:9)
  Dowan (D:7)
  A scorpion (D:8)
  10 killer bees
  3 howler monkeys
  7 crimson imps
  A quasit (D:7)
  Crazy Yiuf (D:7)
  5 hounds
  4 orc wizards
  2 jellies
  9 orc priests
  2 bullfrog skeletons
  Natasha (thrice) (D:3)
  3 iguanas
  4 worker ants
  A hound zombie (D:8)
  A hound skeleton (D:5)
  A howler monkey zombie (D:9)
  2 worker ant zombies
  13 adders
  A shadow imp (D:7)
  An ooze (D:5)
  4 adder skeletons
  7 worms
  4 leopard geckos
  34 orcs
  A ball python (D:3)
  10 bats
  2 giant cockroaches
  14 goblins
  8 hobgoblins
  15 jackals
  21 kobolds
  4 quokkas
  5 frilled lizards
  A giant cockroach zombie (D:5)
  A leopard gecko skeleton (D:3)
  A leopard gecko zombie (D:5)
  A quokka zombie (D:8)
  3 rats
252 creatures vanquished.

Notes
Turn   | Place    | Note
-------+----------+-------------------------------------------
     0 | D:1      | Dasit the Vine Stalker Gladiator began the quest for the
                  | Orb.
     0 | D:1      | Reached XP level 1. HP: 11/11 MP: 2/2
   298 | D:1      | Reached XP level 2. HP: 15/15 MP: 3/3
  1499 | D:2      | Reached skill level 3 in Axes
  1556 | D:2      | Reached XP level 3. HP: 18/18 MP: 4/4
  1731 | D:2      | Reached skill level 1 in Armour
  1795 | D:2      | Gained mutation: Your natural rate of healing is unusually
                  | fast. [Vine Stalker growth]
  1795 | D:2      | Reached XP level 4. HP: 12/23 MP: 6/6
  1800 | D:2      | Reached skill level 1 in Spellcasting
  2534 | D:2      | Reached XP level 5. HP: 26/26 MP: 6/8
  2699 | D:3      | Noticed Natasha
  2708 | D:3      | Killed Natasha
  2708 | D:3      | Reached XP level 6. HP: 30/32 MP: 9/9
  2795 | D:3      | Noticed Natasha
  2803 | D:3      | Killed Natasha
  2864 | D:3      | Noticed Natasha
  2868 | D:3      | Killed Natasha
  2868 | D:3      | Reached skill level 4 in Axes
  2926 | D:3      | Noticed Sigmund
  3215 | D:3      | Killed Sigmund
  3215 | D:3      | Reached XP level 7. HP: 35/36 MP: 11/11
  3535 | D:4      | Noticed Pikel
  3567 | D:4      | Killed Pikel
  3567 | D:4      | Reached skill level 5 in Axes
  3567 | D:4      | Gained mutation: You have razor-sharp teeth. [Vine Stalker
                  | growth]
  3567 | D:4      | Reached XP level 8. HP: 36/42 MP: 9/13
  3836 | D:5      | Entered Level 5 of the Dungeon
  4063 | D:5      | Reached skill level 1 in Evocations
  4207 | D:5      | Found a glowing golden altar of the Shining One.
  4255 | D:5      | Reached skill level 6 in Axes
  4438 | D:5      | Reached XP level 9. HP: 46/46 MP: 15/15
  4549 | D:6      | Noticed Blork the orc
  4825 | D:6      | Killed Blork the orc
  4838 | D:6      | Noticed Grinder
  4854 | D:6      | Killed Grinder
  4854 | D:6      | Reached skill level 5 in Fighting
  5136 | D:6      | Noticed Edmund
  5154 | D:6      | Killed Edmund
  5194 | D:6      | Found a faded altar of an unknown god.
  5194 | D:6      | Found a hide-covered altar of Uskayaw.
  5218 | D:6      | Found a burning altar of Makhleb.
  5222 | D:6      | Found a faded altar of an unknown god.
  5223 | D:6      | Found a sacrificial altar of Ru.
  5228 | D:6      | Became a worshipper of Makhleb the Destroyer
  5272 | D:6      | Reached skill level 7 in Axes
  5531 | D:6      | Found a glowing silver altar of Zin.
  5600 | D:7      | Reached skill level 1 in Invocations
  5625 | D:7      | Noticed Duvessa
  5630 | D:7      | Noticed Dowan
  5634 | D:7      | Killed Duvessa
  5634 | D:7      | Reached * piety under Makhleb
  5634 | D:7      | Reached XP level 10. HP: 50/52 MP: 16/18
  5641 | D:7      | Killed Dowan
  5795 | D:7      | Found an opulent altar of Gozag.
  5806 | D:7      | Found Fuzax's Weapon Shop.
  6568 | D:7      | Reached skill level 5 in Dodging
  6571 | D:7      | Reached skill level 5 in Spellcasting
  6576 | D:7      | Found a staircase to the Ecumenical Temple.
  6662 | D:7      | Found a runed translucent door.
  6663 | D:7      | Noticed Crazy Yiuf
  6934 | D:7      | Killed Crazy Yiuf
  6934 | D:7      | Reached skill level 5 in Armour
  7011 | D:8      | Reached ** piety under Makhleb
  7375 | D:8      | Learned a level 3 spell: Ozocubu's Armour
  7436 | D:8      | Reached skill level 8 in Axes
  7602 | D:8      | Noticed Maurice
  7876 | D:8      | Killed Maurice
  8246 | D:9      | Reached skill level 1 in Charms
  8518 | D:9      | Reached skill level 1 in Ice Magic
  8518 | D:9      | Reached XP level 11. HP: 54/58 MP: 17/20
  8967 | D:10     | Entered Level 10 of the Dungeon
  9026 | D:10     | HP: 2/58 [something (2)]
  9033 | D:10     | HP: 2/87 [something (2)]
  9036 | D:10     | Slain by an unseen horror

Skill      XL: |  1  2  3  4  5  6  7  8  9 10 11 |
---------------+----------------------------------+-----
Axes           | 3 4 5 6 7 8 |  8.5
Fighting       | 2 3 4 5 6 |  6.5
Armour         | 1 2 3 4 5 |  5.4
Spellcasting   | 1 2 3 4 5 |  5.8
Dodging        | 3 4 5 |  5.3
Evocations     | 1 2 3 |  3.9
Invocations    | 1 3 |  3.2
Charms         | 1 2 |  2.0
Ice Magic      | 1 |  1.2
Throwing       | |  1.7

Action                   |  1- 3 |  4- 6 |  7- 9 | 10-12 || total
-------------------------+-------+-------+-------+-------++-------
Melee: War axe           |    71 |   126 |   226 |   280 ||   703
       Bite              |    14 |    36 |    83 |    98 ||   231
       Unarmed           |       |       |       |     8 ||     8
Throw: Throwing net      |     4 |     6 |     2 |     7 ||    19
Evoke: Wand              |       |       |       |     3 ||     3
  Use: Scroll            |       |    10 |     9 |     3 ||    22
       Potion            |       |     2 |     3 |     4 ||     9
 Stab: Sleeping          |     1 |       |       |     1 ||     2
       Held in net/web   |       |     1 |     1 |     5 ||     7
  Eat: Chunk             |     3 |     4 |     8 |    21 ||    36
       Ration            |       |       |       |     1 ||     1
Armor: Leather armour    |    12 |       |       |       ||    12
       Ring mail         |    12 |    50 |    98 |    74 ||   234
       Skin              |       |     2 |       |     8 ||    10
       Chain mail        |       |       |       |   106 ||   106
Dodge: Dodged            |    57 |    96 |   158 |   267 ||   578
